Map: 暮色之塔

Players

Quail

  • Race: Zerg Zerg
  • League: Diamond

电脑难度 (极难) - Winner!

  • Race: Zerg Zerg

VOD

Have the link to the VOD?

Description

Time

  • Played on: Dec. 4, 2015, 8:05 a.m.
  • Length: 4:55
Show
View Real Time Build Order
Export as new Build Order

Quail Zerg 

Build Orders: Pool First 

Get SALT Encoding   

  12  0:01  Drone  
  13  0:08  Drone  
  14  0:18  Overlord  
  14  0:23  Extractor  
  14  0:24  Drone  
  15  0:36  Drone x2  
  17  0:45  Drone  
  17  0:48  Spawning Pool  
  17  1:10  Hatchery  
  16  1:13  Drone  
  16  1:16  Extractor  
  16  1:17  Drone  
  17  1:23  Drone  
  18  1:29  Overlord  
  18  1:36  Queen  
  20  1:41  Drone  
  21  1:50  Drone  
  22  2:00  Drone  
  23  2:09  Roach Warren  
  23  2:12  Queen  
  24  2:18  Drone  
  25  2:30  Zergling x2  
  25  2:35  Hatchery  
  25  2:42  Drone x2  
  27  2:45  Extractor  
  27  2:46  Drone  
  27  2:55  Lair  
  27  2:59  Drone  
  28  3:08  Drone x2  
  30  3:13  Drone x2  
  32  3:21  Drone x3  
  32  3:24  Drone  
  36  3:30  Overlord  
  36  3:46  Queen  
  36  3:48  Roach x3  
  44  3:52  Overlord  
  44  3:59  Hydralisk Den  
  43  4:08  Drone x3  
  46  4:11  Drone x2  
  45  4:19  Roach x2  
  47  4:30  Roach x4  
Show
View Real Time Build Order
Export as new Build Order

电脑难度 (极难) Zerg - Winner!

Build Orders: Pool First 

Get SALT Encoding   

  12  0:00  Drone  
  13  0:12  Overlord  
  13  0:17  Drone  
  14  0:30  Drone  
  15  0:40  Spawning Pool  
  15  0:41  Drone  
  15  0:45  Drone  
  15  0:49  Drone  
  17  0:54  Extractor  
  17  0:55  Drone  
  17  1:06  Drone  
  18  1:17  Drone  
  19  1:27  Zergling x2  
  19  1:28  Queen  
  19  1:29  Roach Warren  
  21  1:38  Overlord  
  21  1:49  Drone  
  22  1:59  Overlord  
  22  2:10  Roach  
  24  2:21  Roach  
  26  2:26  Hatchery  
  25  2:32  Drone  
  25  2:34  Roach x2  
  32  2:37  Roach  
  32  2:43  Roach  
  34  2:54  Overlord  
  34  3:05  Roach  
  36  3:06  Roach  
  36  3:12  Roach x2  
  42  3:16  Roach  
  44  3:27  Roach  
  46  3:38  Overlord, Roach x2  
  46  3:40  Zergling x2  
  51  3:59  Extractor  
  51  4:00  Extractor  
  49  4:13  Drone  
  50  4:17  Drone  
  50  4:21  Extractor  
  50  4:22  Drone  
  50  4:26  Zergling x2  
  50  4:30  Drone  
  52  4:40  Drone  
Tags
 
Add a new tag
Caveats
  • Supply blocks, unpowered buildings, or Contaminate may cause inaccurate times.
  • Supply counts are checked every 10 seconds.